 Dungeon Crawl Stone Soup version 0.31-a0-1178-gc5c9b8f871 (console) character file.

Game seed: 13393781520185203101

66189 jejorda2 the Cleaver (level 15, -2/120 HPs)
             Began as a Gnoll Berserker on Dec 11, 2023.
             Was an Elder of Trog.
             Slain by a skeletal warrior
             ... wielding a +0 scimitar
              (15 damage)
             ... on level 14 of the Dungeon on Dec 12, 2023.
             The game lasted 00:53:54 (21107 turns).

jejorda2 the Cleaver (Gnoll Berserker)             Turns: 21107, Time: 00:53:55

Health: -2/120     AC: 23    Str: 28    XL:     15   Next: 18%
Magic:  29/29      EV: 11    Int:  8    God:    Trog [****..]
Gold:   1474       SH: 13    Dex: 12    Spells: 34/34 levels left

rFire   + . .        b - +2 eveningstar (flame)
rCold   + . .        Q - +2 kite shield {rC+}
rNeg    . . .        z - +0 plate armour
rPois   .            (no helmet)
rElec   .            h - +0 cloak
rCorr   .            F - +2 pair of gloves
SInv    .            D - +2 pair of boots
Will    +....        n - amulet of the acrobat Stlth
                     d - ring of protection from fire
HPRegen 0.40/turn    l - +6 ring of strength
MPRegen 0.21/turn

%: acrobat
@: mighty, on berserk cooldown, hasted, very quick
A: fangs 1, strong nose, distributed training
a: Renounce Religion, Berserk, Trog's Hand, Brothers in Arms


You were on level 14 of the Dungeon.
You worshipped Trog.
Trog was greatly pleased with you.
You visited 2 branches of the dungeon, and saw 19 of its levels.
You also visited: Volcano.

You collected 1474 gold pieces.

Inventory:

Hand Weapons
 a - a +2 broad axe of flaming
 b - a +2 eveningstar of flaming (weapon)
 H - a +0 broad axe
Missiles
 j - 46 poisoned darts (quivered)
 s - 5 curare-tipped darts
 A - 12 boomerangs
 O - 4 javelins
Armour
 c - a +0 buckler
 h - a +0 cloak (worn)
 z - a +0 plate armour (worn)
 D - a +2 pair of boots (worn)
 F - a +2 pair of gloves (worn)
 Q - a +2 kite shield of cold resistance (worn)
Jewellery
 d - a ring of protection from fire (left hand)
 e - a ring of ice
 l - a +6 ring of strength (right hand)
 n - an amulet of the acrobat (around neck)
Wands
 i - a wand of flame (11)
 B - a wand of quicksilver (10)
 K - a wand of mindburst (3)
Scrolls
 f - 3 scrolls of fear
 k - 2 scrolls of blinking
 r - 5 scrolls of teleportation
 t - 3 scrolls of revelation
 x - 2 scrolls of immolation
 y - 2 scrolls of identify
 C - a scroll of poison
 E - 2 scrolls of enchant armour
 L - 3 scrolls of fog
Potions
 m - 10 potions of curing
 p - a potion of lignification
 q - 3 potions of enlightenment
 u - a potion of cancellation
 v - 2 potions of mutation
 w - a potion of ambrosia
 I - a potion of resistance
 J - a potion of berserk rage
 M - a potion of invisibility
 P - a potion of attraction
Miscellaneous
 o - a tin of tremorstones (inert)
 N - a lightning rod (2/4)


   Skills:
 + Level 11.9 Fighting
 + Level 10.1 Short Blades
 + Level 10.1 Long Blades
 + Level 11.9 Axes
 + Level 10.1 Maces & Flails
 + Level 10.1 Polearms
 + Level 10.1 Staves
 + Level 10.1 Ranged Weapons
 + Level 10.1 Throwing
 + Level 11.1 Armour
 + Level 11.1 Dodging
 + Level 10.1 Stealth
 + Level 10.1 Shields
 + Level 10.1 Unarmed Combat
 + Level 10.1 Spellcasting
 + Level 8.4 Conjurations
 + Level 8.4 Hexes
 + Level 8.4 Summonings
 + Level 8.4 Necromancy
 + Level 8.4 Translocations
 + Level 8.4 Transmutations
 + Level 8.4 Fire Magic
 + Level 8.4 Ice Magic
 + Level 8.4 Air Magic
 + Level 8.4 Earth Magic
 + Level 8.4 Poison Magic
 + Level 11.0 Invocations
 + Level 10.1 Evocations
 + Level 9.2 Shapeshifting


You had 34 spell levels left.
You didn't know any spells.
Your spell library was empty.

Dungeon Overview and Level Annotations

Branches:
Dungeon (14/15)            Temple (0/1) D:5            Lair (5/5) D:11
 Shoals (0/4) Lair:2        Snake (0/4) Lair:2        Slime (0/5) Lair:4
    Orc (0/2) D:10         Vaults (0/5) D:14        Volcano (visited)

Altars:
Uskayaw

Shops:
D:2 !   D:13 ?

Annotations:
Lair:2 1 runed translucent door, Vaplun's ghost, journeyman DECj


Innate Abilities, Weirdness & Mutations

You have very sharp teeth.
Your uncanny sense of smell can sniff out nearby items.
Your experience applies equally to all skills.


Message History

You bite the skeletal warrior.
The skeletal warrior is lightly damaged.
You block the skeletal warrior's attack. x2
You bludgeon the skeletal warrior!! You burn the skeletal warrior.
The skeletal warrior is heavily damaged.
The skeletal warrior hits you with a +0 morningstar.
* * * LOW HITPOINT WARNING * * *
You feel yourself speed up.
The skeletal warrior hits you with a +0 morningstar!
* * * LOW HITPOINT WARNING * * *
You block the skeletal warrior's attack.
You puncture the skeletal warrior! You burn the skeletal warrior.
The skeletal warrior is almost destroyed.
The skeletal warrior completely misses you.
You puncture the skeletal warrior! You burn the skeletal warrior.
You destroy the skeletal warrior!
Trog accepts your kill.
Your Invocations skill increases to level 11!
You completely miss the skeletal warrior.
The skeletal warrior hits you with a +0 scimitar!
* * * LOW HITPOINT WARNING * * *
You hit the skeletal warrior but do no damage.
The skeletal warrior misses you.
You impale the skeletal warrior!! You burn the skeletal warrior.
The skeletal warrior is moderately damaged.
You feel yourself speed up.
You block the skeletal warrior's attack.
You puncture the skeletal warrior! You burn the skeletal warrior.
The skeletal warrior is severely damaged.
You block the skeletal warrior's attack.
You impale the skeletal warrior!! You burn the skeletal warrior.
The skeletal warrior is almost destroyed.
The skeletal warrior hits you with a +0 scimitar.
* * * LOW HITPOINT WARNING * * *
You barely miss the skeletal warrior.
The skeletal warrior is almost destroyed.
You hit the skeletal warrior. You burn the skeletal warrior.
The skeletal warrior is almost destroyed.
The skeletal warrior hits you with a +0 scimitar!
You die...

*,,,*****,****,*,,,,,,,,,,,∆#..
*,,,,,**,,,**,,***,***,,,*,,#..
**,,,,,,,,,,,,,***..#....*,,#..
**,,,,,,,<,,,,*,,..#....,,###.
*,******,******,........##.#.
*,* *,* *.........#.... *,*
##,** *.........##...
*,***##...######......#......
*,,,,...∩).)@zcz.##,*##......
*****##...#####)..#**#...e...
##,** #..#####....... *,* #..#
#.........
*,*#####..###.........
*,.........#..........
**#.....##............
*....#...............
*..####..............


You could see 2 skeletal warriors and a centaur warrior.

Vanquished Creatures
  2 fire dragons
  Josephine (D:10)
  Fannar (D:10)
  3 hydras
  8 vault guards (D:14)
  3 two-headed ogres
  3 boulder beetles
  Erica (Lair:1)
  4 centaur warriors
  A hell hog (Volcano)
  Sonja (D:10)
  Nergalle (Lair:2)
  4 mutant beasts (D:11)
  A skyshark (Lair:5)
  A fire crab (Lair:5)
  3 skeletal warriors
  5 deep elf pyromancers
  3 ugly things
  A cyclops (D:12)
  A manticore (D:13)
  2 merfolk sirens (Lair:2)
  12 elephants (Lair:5)
  A torpor snail (Lair:3)
  7 black mambas
  3 molten gargoyles (Lair:5)
  7 cane toads
  A gargoyle (D:12)
  A rime drake (Lair:2)
  8 komodo dragons
  A merfolk (Lair:2)
  A tengu conjurer (D:12)
  Prince Ribbit (D:8)
  2 hornets
  8 blink frogs
  16 dream sheep (Lair:5)
  A slime creature (D:12)
  46 yaks
  6 wraiths
  8 fire bats
  Grum (D:10)
  A human (D:10)
  6 wyverns
  4 steam dragons
  15 vampire mosquitoes
  7 basilisks
  3 nagas (Lair:2)
  An acid dragon (D:12)
  17 water moccasins
  7 hell hounds
  7 black bears
  8 orc warriors
  An ice beast (D:6)
  2 sky beasts
  3 ogres
  27 wolves
  A tengu (shapeshifter) (D:13)
  5 centaurs
  2 phantoms
  3 kobold brigands
  10 bullfrogs
  A gnoll sergeant (D:9)
  4 scorpions
  5 howler monkeys
  3 lava snakes (Lair:5)
  2 hounds
  9 jellies
  8 orc priests
  A gnoll bouda (D:8)
  5 hell rats (Lair:3)
  2 sleepcaps
  18 orc wizards
  11 gnolls
  8 adders
  2 ufetubi (D:7)
  A worm (D:2)
  2 dart slugs (D:2)
  32 orcs
  7 endoplasms
  2 giant cockroaches
  6 goblins
  2 hobgoblins
  5 jackals
  15 kobolds
  2 quokkas
  7 ball pythons
  3 bats
  3 frilled lizards
  3 rats
480 creatures vanquished.

Vanquished Creatures (collateral kills)
  A water moccasin (Lair:5)
1 creature vanquished.

Grand Total: 481 creatures vanquished

Notes
Turn   | Place    | Note
-------+----------+-------------------------------------------
     0 | D:1      | jejorda2 the Gnoll Berserker began the quest for the Orb.
     0 | D:1      | Reached XP level 1. HP: 23/23 MP: 1/1
   217 | D:1      | Reached XP level 2. HP: 29/29 MP: 2/2
   493 | D:1      | Found a faded altar of an unknown god.
   860 | D:2      | Found Cidwomno's Distillery.
   902 | D:2      | Reached XP level 3. HP: 3/35 MP: 2/4
  1014 | D:2      | Reached skill level 1 in Invocations
  1216 | D:2      | Reached ** piety under Trog
  1379 | D:3      | Reached skill level 1 in Short Blades
  1379 | D:3      | Reached skill level 1 in Long Blades
  1379 | D:3      | Reached skill level 1 in Maces & Flails
  1379 | D:3      | Reached skill level 1 in Polearms
  1379 | D:3      | Reached skill level 1 in Staves
  1379 | D:3      | Reached skill level 1 in Ranged Weapons
  1379 | D:3      | Reached skill level 1 in Throwing
  1379 | D:3      | Reached skill level 1 in Stealth
  1379 | D:3      | Reached skill level 1 in Shields
  1379 | D:3      | Reached skill level 1 in Unarmed Combat
  1379 | D:3      | Reached skill level 1 in Spellcasting
  1379 | D:3      | Reached skill level 1 in Evocations
  1386 | D:3      | Reached XP level 4. HP: 38/41 MP: 5/5
  1428 | D:3      | Reached skill level 1 in Shapeshifting
  1535 | D:3      | Reached skill level 1 in Conjurations
  1535 | D:3      | Reached skill level 1 in Hexes
  1535 | D:3      | Reached skill level 1 in Summonings
  1535 | D:3      | Reached skill level 1 in Necromancy
  1535 | D:3      | Reached skill level 1 in Translocations
  1535 | D:3      | Reached skill level 1 in Transmutations
  1535 | D:3      | Reached skill level 1 in Fire Magic
  1535 | D:3      | Reached skill level 1 in Ice Magic
  1535 | D:3      | Reached skill level 1 in Air Magic
  1535 | D:3      | Reached skill level 1 in Earth Magic
  1535 | D:3      | Reached skill level 1 in Poison Magic
  1618 | D:3      | Reached XP level 5. HP: 46/47 MP: 5/7
  2154 | D:4      | Reached XP level 6. HP: 53/53 MP: 8/8
  2204 | D:4      | Reached skill level 5 in Armour
  2204 | D:4      | Reached skill level 5 in Dodging
  2775 | D:5      | Entered Level 5 of the Dungeon
  2795 | D:5      | Reached XP level 7. HP: 60/60 MP: 10/10
  2858 | D:5      | Found a staircase to the Ecumenical Temple.
  3258 | D:5      | You fall into a shaft and drop 2 floors!
  3331 | D:7      | HP: 1/60 [orc priest/divine providence (12)]
  3667 | D:7      | Reached XP level 8. HP: 62/67 MP: 12/12
  5101 | D:5      | Reached XP level 9. HP: 73/73 MP: 14/14
  6458 | D:8      | Reached skill level 5 in Invocations
  6458 | D:8      | Found a hide-covered altar of Uskayaw.
  6467 | D:8      | Reached *** piety under Trog
  6607 | D:8      | Identified the +9 long sword "Xioluoj" {heavy, Str+2 Dex+5}
  6633 | D:8      | Noticed Prince Ribbit
  6656 | D:8      | Killed Prince Ribbit
  7148 | D:9      | Reached XP level 10. HP: 71/80 MP: 17/17
  7411 | D:9      | Reached skill level 5 in Short Blades
  7411 | D:9      | Reached skill level 5 in Long Blades
  7411 | D:9      | Reached skill level 5 in Maces & Flails
  7411 | D:9      | Reached skill level 5 in Polearms
  7411 | D:9      | Reached skill level 5 in Staves
  7411 | D:9      | Reached skill level 5 in Ranged Weapons
  7411 | D:9      | Reached skill level 5 in Throwing
  7411 | D:9      | Reached skill level 5 in Stealth
  7411 | D:9      | Reached skill level 5 in Shields
  7411 | D:9      | Reached skill level 5 in Unarmed Combat
  7411 | D:9      | Reached skill level 5 in Spellcasting
  7411 | D:9      | Reached skill level 5 in Evocations
  7973 | D:10     | Entered Level 10 of the Dungeon
  7975 | D:10     | Noticed Grum
  7992 | D:10     | Killed Grum
  8244 | D:10     | Paralysed by a hornet for 1 turns
  8246 | D:10     | Noticed Sonja
  8266 | D:10     | Killed Sonja
  8267 | D:10     | Reached skill level 5 in Shapeshifting
  8457 | D:10     | Noticed Fannar
  8474 | D:10     | Killed Fannar
  8515 | D:10     | Noticed Josephine
  8529 | D:10     | Killed Josephine
  8530 | D:10     | Reached XP level 11. HP: 87/87 MP: 19/19
  8583 | D:10     | Noticed a two-headed ogre
  8589 | D:10     | Killed a two-headed ogre
  8590 | D:10     | Reached skill level 5 in Conjurations
  8590 | D:10     | Reached skill level 5 in Hexes
  8590 | D:10     | Reached skill level 5 in Summonings
  8590 | D:10     | Reached skill level 5 in Necromancy
  8590 | D:10     | Reached skill level 5 in Translocations
  8590 | D:10     | Reached skill level 5 in Transmutations
  8590 | D:10     | Reached skill level 5 in Fire Magic
  8590 | D:10     | Reached skill level 5 in Ice Magic
  8590 | D:10     | Reached skill level 5 in Air Magic
  8590 | D:10     | Reached skill level 5 in Earth Magic
  8590 | D:10     | Reached skill level 5 in Poison Magic
  9166 | D:10     | Found a staircase to the Orcish Mines.
  9976 | D:11     | Noticed a juvenile stingbat beast
  9987 | D:11     | Killed a juvenile stingbat beast
 10361 | D:11     | Found a staircase to the Lair.
 10542 | Lair:1   | Entered Level 1 of the Lair of Beasts
 11008 | Lair:1   | Noticed Erica
 11023 | Lair:1   | Killed Erica
 11927 | Lair:2   | Identified the +1 ring mail "Noppuxt" {rCorr Dex+2 Stlth-}
 12001 | Lair:2   | Reached XP level 12. HP: 96/96 MP: 22/22
 12228 | Lair:2   | Found a runed translucent door.
 12229 | Lair:2   | Noticed Vaplun's ghost (journeyman DECj)
 12517 | Lair:2   | Noticed Nergalle
 12533 | Lair:2   | Killed Nergalle
 12997 | Lair:2   | Reached skill level 10 in Fighting
 12997 | Lair:2   | Reached skill level 10 in Axes
 13112 | Lair:2   | Found a staircase to the Snake Pit.
 13528 | Lair:2   | Found a staircase to the Shoals.
 13738 | Lair:3   | Found a dark tunnel.
 13772 | Volcano  | Entered a volcano
 13870 | Volcano  | Noticed a hell hog
 13881 | Volcano  | Killed a hell hog
 14011 | Volcano  | Noticed a fire dragon
 14028 | Volcano  | Killed a fire dragon
 14392 | Lair:3   | Reached XP level 13. HP: 92/104 MP: 23/25
 14495 | Lair:3   | Reached **** piety under Trog
 15111 | Lair:4   | Found a staircase to the Slime Pits.
 16188 | Lair:5   | Entered Level 5 of the Lair of Beasts
 16948 | Lair:5   | HP: 3/105 [molten gargoyle/bolt of magma (9)]
 17144 | Lair:5   | Reached skill level 10 in Armour
 17144 | Lair:5   | Reached skill level 10 in Dodging
 17699 | Lair:5   | Reached XP level 14. HP: 108/113 MP: 25/27
 17994 | Lair:5   | Reached skill level 10 in Invocations
 18239 | Lair:5   | Found a large runed translucent door.
 18241 | Lair:5   | Found a large runed translucent door.
 20149 | D:13     | Found Dean Qom's Magic Scroll Shop.
 21051 | D:14     | Found a gate to the Vaults.
 21071 | D:14     | Reached XP level 15. HP: 120/120 MP: 28/28
 21087 | D:14     | Reached skill level 10 in Short Blades
 21087 | D:14     | Reached skill level 10 in Long Blades
 21087 | D:14     | Reached skill level 10 in Maces & Flails
 21087 | D:14     | Reached skill level 10 in Polearms
 21087 | D:14     | Reached skill level 10 in Staves
 21087 | D:14     | Reached skill level 10 in Ranged Weapons
 21087 | D:14     | Reached skill level 10 in Throwing
 21087 | D:14     | Reached skill level 10 in Stealth
 21087 | D:14     | Reached skill level 10 in Shields
 21087 | D:14     | Reached skill level 10 in Unarmed Combat
 21087 | D:14     | Reached skill level 10 in Spellcasting
 21087 | D:14     | Reached skill level 10 in Evocations
 21107 | D:14     | Slain by a skeletal warrior

Illustrated notes

Levels and vault maps discovered:
D:1:      roadster_arrival_rocket_small, layout_basic,
          hellmonk_ecumenical_altar_lost_god
D:2:      layout_rooms, serial_shops, shop, dk_vineyard_3
D:3:      layout_rooms, minmay_box_of_dots
D:4:      layout_basic
D:5:      layout_basic, minmay_temple_entry_arrows, st_stairs_10,
          minmay_diced_spiral
D:6:      layout_basic, kennysheep_small_square
D:7:      layout_loops_ring
D:8:      layout_basic, nicolae_uskayaw_murder_on_the_dancefloor,
          uniq_prince_ribbit1
D:9:      layout_irregular_city
D:10:     layout_gridville, erik_orc_4, uniq_fannar, uniq_sonja, uniq_grum,
          uniq_josephine
D:11:     layout_rooms, lair_entry_dummy, nicolae_beast_mode
D:12:     layout_basic, nicolae_doodle_vault
D:13:     layout_roguey, serial_shops, nicolae_diamond_shop
D:14:     layout_cave_pools, erik_vaults_2, tso_altar,
          portal_ice_cave_entry_pillars_three, evilmike_minifort
Lair:1:   layout_regular_city, lemuel_fruit_fields, uniq_erica
Lair:2:   layout_regular_city, elwin_shoals_entry_rooms,
          nicolae_snake_entry_squirm, gammafunk_ghost_grave,
          beast_lair_carwin_1, uniq_nergalle
Lair:3:   layout_regular_city, nicolae_volcano_entry_batcave, st_stairs_5,
          infiniplex_staircase_pool_2
Lair:4:   layout_cave_pods, minmay_slime_entry_jelly_boxes, minmay_holes,
          minmay_hedge_maze
Lair:5:   cheibrodos_lair_end_hotspot, layout_regular_city

Skill      XL: |  1  2  3  4  5  6  7  8  9 10 11 12 13 14 15 |
---------------+----------------------------------------------+-----
Invocations    | 1 2 3 4 5 6 7 8 9 10 11 | 11.0
Short Blades   | 1 2 3 4 5 6 8 9 10 | 10.1
Long Blades    | 1 2 3 4 5 6 8 9 10 | 10.1
Maces & Flails | 1 2 3 4 5 6 8 9 10 | 10.1
Polearms       | 1 2 3 4 5 6 8 9 10 | 10.1
Staves         | 1 2 3 4 5 6 8 9 10 | 10.1
Ranged Weapons | 1 2 3 4 5 6 8 9 10 | 10.1
Throwing       | 1 2 3 4 5 6 8 9 10 | 10.1
Stealth        | 1 2 3 4 5 6 8 9 10 | 10.1
Shields        | 1 2 3 4 5 6 8 9 10 | 10.1
Unarmed Combat | 1 2 3 4 5 6 8 9 10 | 10.1
Spellcasting   | 1 2 3 4 5 6 8 9 10 | 10.1
Evocations     | 1 2 3 4 5 6 8 9 10 | 10.1
Shapeshifting  | 1 2 3 4 5 6 7 8 9 |  9.2
Conjurations   | 1 2 3 4 5 6 7 8 |  8.4
Hexes          | 1 2 3 4 5 6 7 8 |  8.4
Summonings     | 1 2 3 4 5 6 7 8 |  8.4
Necromancy     | 1 2 3 4 5 6 7 8 |  8.4
Translocations | 1 2 3 4 5 6 7 8 |  8.4
Transmutations | 1 2 3 4 5 6 7 8 |  8.4
Fire Magic     | 1 2 3 4 5 6 7 8 |  8.4
Ice Magic      | 1 2 3 4 5 6 7 8 |  8.4
Air Magic      | 1 2 3 4 5 6 7 8 |  8.4
Earth Magic    | 1 2 3 4 5 6 7 8 |  8.4
Poison Magic   | 1 2 3 4 5 6 7 8 |  8.4
Armour         | 5 6 7 8 9 10 11 | 11.1
Dodging        | 5 6 7 8 9 10 11 | 11.1
Fighting       | 7 8 9 10 11 | 11.9
Axes           | 7 8 9 10 11 | 11.9

Action                     |  1- 3 |  4- 6 |  7- 9 | 10-12 | 13-15 || total
---------------------------+-------+-------+-------+-------+-------++-------
  Melee: Hand axe          |    91 |   108 |   328 |   620 |       ||  1147
         Bite              |     6 |    12 |    36 |    91 |    99 ||   244
         Eveningstar       |       |       |       |    31 |   499 ||   530
         Broad axe         |       |       |       |       |   222 ||   222
  Throw: Dart              |       |     5 |    13 |    17 |    34 ||    69
         Boomerang         |       |       |       |       |    32 ||    32
 Invoke: Berserk           |     1 |     3 |     6 |    24 |    15 ||    49
         Trog's Hand       |       |     4 |     3 |     8 |    11 ||    26
         Brothers in Arms  |       |       |       |       |     3 ||     3
  Evoke: Wand              |       |       |       |       |     1 ||     1
         Lightning rod     |       |       |       |       |     3 ||     3
         Tin of tremorston |       |       |       |       |     2 ||     2
    Use: Potion            |     3 |       |       |     2 |     5 ||    10
         Scroll            |       |       |    19 |     6 |     6 ||    31
 Armour: Animal skin       |     5 |       |       |       |       ||     5
         Leather armour    |    43 |       |       |       |       ||    43
         Ring mail         |    10 |    32 |       |       |       ||    42
         Scale mail        |       |    28 |    62 |       |       ||    90
         Plate armour      |       |       |   197 |   461 |   693 ||  1351
         Skin              |       |       |       |    15 |       ||    15
         Chain mail        |       |       |       |    42 |       ||    42
  Dodge: Dodged            |    65 |    47 |   101 |   290 |   403 ||   906
  Block: Buckler           |    11 |    18 |    49 |   166 |   238 ||   482
         Kite shield       |       |       |       |       |    38 ||    38
         Form:             |       |       |     1 |       |       ||     1
         Beast             |       |       |     1 |       |       ||     1

Table legend: (Time is in decaauts)
 A = Elapsed time spent in this place.
 B = Non-inter-level travel time spent in this place.
 C = Inter-level travel time spent in this place.
 D = Time resting spent in this place.
 E = Time spent auto-exploring this place.
 F = Levels seen in this place.
 G = Mean time per level.
                   A        B        C        D        E       F      G
               +--------+--------+--------+--------+--------+-----+--------+
         Total |  21450 |  20534 |    916 |   2731 |  13849 |  20 | 1072.5 |
       Dungeon |  12664 |  12050 |    614 |   1433 |   8240 |  14 |  904.6 |
          Lair |   8435 |   8133 |    302 |   1262 |   5421 |   5 | 1687.0 |
       Volcano |    351 |    351 |      0 |     36 |    188 |   1 |  351.0 |
               +--------+--------+--------+--------+--------+-----+--------+

Top non-repeatable levels by time:
  Lair:5: 2750 daAuts
  Lair:2: 1807 daAuts
    D:10: 1638 daAuts
  Lair:4: 1603 daAuts
     D:7: 1438 daAuts
  Lair:1: 1430 daAuts
     D:9: 1129 daAuts
     D:6: 1099 daAuts
     D:5: 973 daAuts
    D:12: 938 daAuts
    D:13: 879 daAuts
  Lair:3: 844 daAuts
     D:4: 828 daAuts
    D:11: 826 daAuts
     D:1: 825 daAuts
